 Dungeon Crawl Stone Soup version 0.24.0-2-g5b39cebb1c (webtiles) character file.

Game seed: 3674140633862671945, levelgen mode: deterministic

445 Peloso the Slasher (level 6, -5/53 HPs)
             Began as a Minotaur Fighter on Oct 31, 2019.
             Slain by an ice beast (11 damage)
             ... on level 4 of the Dungeon.
             The game lasted 00:04:43 (2438 turns).

Peloso the Slasher (Minotaur Fighter)               Turns: 2438, Time: 00:04:43

Health: -5/53      AC:  9    Str: 21    XL:     6   Next: 72%
Magic:  5/5        EV:  6    Int:  5    God:
Gold:   191        SH: 10    Dex: 11    Spells: 5/5 levels left

rFire    + . .     SeeInvis .   a - +0 long sword
rCold    . . .     Gourm    .   c - +0 shield
rNeg     . . .     Faith    +   b - +0 chain mail
rPois    .         Spirit   .   (helmet restricted)
rElec    .         Reflect  .   (no cloak)
rCorr    .         Harm     .   (no gloves)
MR       .....                  (no boots)
Stlth    ..........             x - amulet of faith
HPRegen  0.17/turn              j - ring of protection from fire
MPRegen  0.09/turn              t - +3 ring of slaying

@: no status effects
A: retaliatory headbutt, horns 2
a: no special abilities


You were on level 4 of the Dungeon.
You were not hungry.

You visited 1 branch of the dungeon, and saw 4 of its levels.

You collected 191 gold pieces.

Inventory:

Hand Weapons
 a - a +0 long sword (weapon)
Armour
 b - a +0 chain mail (worn)
 c - a +0 shield (worn)
Jewellery
 j - a ring of protection from fire (left hand)
 t - a +3 ring of slaying (right hand)
 x - an amulet of faith (around neck)
Wands
 r - a wand of iceblast (9)
 v - a wand of paralysis (15)
Scrolls
 e - 7 scrolls of identify {unknown}
 g - 2 scrolls of magic mapping {unknown}
 h - 2 scrolls of teleportation {unknown}
 i - 3 scrolls of remove curse {unknown}
 l - a scroll of fear {unknown}
 m - a scroll of random uselessness {unknown}
 n - 2 scrolls of enchant weapon {unknown}
 o - a scroll of fog {unknown}
 p - a scroll of enchant armour {unknown}
Potions
 d - 2 potions of might
 k - a potion of flight {unknown}
 q - 3 potions of cancellation {unknown}
 s - a potion of invisibility
 u - a potion of heal wounds {unknown}
 w - a potion of ambrosia {unknown}
Comestibles
 f - 6 rations
 z - 3 chunks of flesh


   Skills:
 + Level 4.7 Fighting
 + Level 5.8 Long Blades
 + Level 4.9 Armour
 + Level 0.9 Dodging
 + Level 0.3 Stealth
 + Level 5.5 Shields


You had 5 spell levels left.
You didn't know any spells.
Your spell library was empty.

Dungeon Overview and Level Annotations

Branches:
Dungeon (4/15)
 Temple: D:4-7

Altars:
Ashenzari
Nemelex Xobeh
Uskayaw
Vehumet
Xom
Zin


Innate Abilities, Weirdness & Mutations

You reflexively headbutt those who attack you in melee.
You have a pair of horns on your head.


Message History

The ice beast closely misses you.
You hit the ice beast but do no damage. You headbutt the ice beast!
The ice beast is severely wounded.
The ice beast hits you. The ice beast freezes you!
* * * LOW HITPOINT WARNING * * *
You hit the ice beast. You headbutt the ice beast.
The ice beast is almost dead.
The ice beast hits you but does no damage.
You hit the ice beast but do no damage. Your headbutt misses the ice beast.
The ice beast is almost dead.
The ice beast hits you but does no damage.
You closely miss the ice beast.
The ice beast is almost dead.
You block the ice beast's attack. x2
You hit the ice beast but do no damage.
The ice beast is almost dead.
The ice beast hits you.
* * * LOW HITPOINT WARNING * * *
The ice beast freezes you!
You die...

#.# #.#.# #.#.# #####
#.#.# #.#.. #.#.# #.#.#
### #.#.####
####+.#.###<###.......
.##.....#.#.[.......####
.......@Y..........(....
###.#.###.#.#.).########
# #.#.#.#.# #. #.#.#.#)#
#.# #.#.#.#)# #.#
#.#.#.#.######## #.#
#.#.#........... ###.#
#.#.###.######## ....
#.....#.......


You could see an ice beast.

Vanquished Creatures
  An ogre (D:4)
  A howler monkey (D:4)
  A jelly (D:4)
  An orc priest (D:4)
  An iguana (D:2)
  A worker ant (D:4)
  5 gnolls
  6 adders
  2 worms (D:3)
  3 dart slugs
  2 leopard geckos
  9 orcs
  A ball python (D:1)
  14 bats
  9 giant cockroaches
  5 goblins
  6 hobgoblins
  8 jackals
  6 kobolds
  6 frilled lizards
  8 rats
96 creatures vanquished.

Vanquished Creatures (others)
  A fungus (D:4)
1 creature vanquished.

Grand Total: 97 creatures vanquished

Notes
Turn   | Place    | Note
-------+----------+-------------------------------------------
     0 | D:1      | Peloso the Minotaur Fighter began the quest for the Orb.
     0 | D:1      | Reached XP level 1. HP: 19/19 MP: 0/0
    57 | D:1      | Reached XP level 2. HP: 22/27 MP: 1/1
   697 | D:1      | Reached XP level 3. HP: 33/33 MP: 2/2
  1143 | D:2      | Reached XP level 4. HP: 40/40 MP: 3/3
  1219 | D:2      | Found a sparkling altar of Nemelex Xobeh.
  1507 | D:3      | Reached XP level 5. HP: 47/47 MP: 4/4
  1541 | D:3      | Found a shattered altar of Ashenzari.
  1541 | D:3      | Found a radiant altar of Vehumet.
  1544 | D:3      | Found a shimmering altar of Xom.
  1544 | D:3      | Found a hide-covered altar of Uskayaw.
  1545 | D:3      | Found a glowing silver altar of Zin.
  1813 | D:3      | Reached skill level 5 in Shields
  1893 | D:4      | Noticed an ogre
  1898 | D:4      | Killed an ogre
  1898 | D:4      | Reached skill level 5 in Long Blades
  1898 | D:4      | Reached XP level 6. HP: 29/53 MP: 5/5
  2422 | D:4      | Noticed an ice beast
  2438 | D:4      | Slain by an ice beast

Levels and vault maps discovered:
D:1:      dpeg_arrival_chambers_temple_mockup, layout_basic
D:2:      layout_rooms, nemelex_spade_bored_becter
D:3:      lemuel_castle_with_subvaults [lemuel_castle_interior_carwin_3],
          layout_loops_ring, grunt_temple_overflow_open
D:4:      layout_basic, nicolae_ru_great_annihilating_truth, first_ration,
          uniq_menkaure, uniq_crazy_yiuf_cottage

Skill      XL: |  1  2  3  4  5 |
---------------+----------------+-----
Shields        | 4 5 |  5.5
Fighting       | 4 |  4.7
Armour         | 4 |  4.9
Long Blades    | 3 4 5 |  5.8
Dodging        | |  0.9
Stealth        | |  0.3

Action                   |  1- 3 |  4- 6 || total
-------------------------+-------+-------++-------
Melee: Long sword        |   108 |   142 ||   250
       Headbutt          |    13 |    29 ||    42
  Use: Potion            |     4 |       ||     4
 Stab: Invisible         |     1 |       ||     1
  Eat: Chunk             |       |     5 ||     5
Armor: Scale mail        |    12 |       ||    12
       Chain mail        |    73 |    97 ||   170
Dodge: Dodged            |    41 |    36 ||    77
Block: Shield            |    81 |    90 ||   171
       Rpst.: Long sword |    12 |     7 ||    19
